 Dungeon Crawl Stone Soup version 0.30-a0-948-g4fa250aae5 (webtiles) character file.

Game seed: 15562777624543570725

4281 Shard1697 the Carver (level 9, -4/75 HPs)
             Began as a Demigod Wanderer on Mar 27, 2023.
             Slain by Gastronok (17 damage)
             ... on level 8 of the Dungeon.
             The game lasted 00:20:45 (7720 turns).

Shard1697 the Carver (Demigod Wanderer)             Turns: 7720, Time: 00:20:46

Health: -4/75      AC: 24    Str: 16    XL:     9   Next: 85%
Magic:  24/24      EV:  9    Int: 24    God:
Gold:   479        SH:  0    Dex: 15    Spells: 1/12 levels left

rFire   . . .      SeeInvis .    a - +6 long sword
rCold   + . .      Faith    .    (no shield)
rNeg    . . .      Spirit   .    g - +7 Kryia's mail coat {PotionHeal*2 rC+}
rPois   .          Reflect  .    s - +1 helmet
rElec   .          Rampage  .    h - +2 cloak
rCorr   .                        (no gloves)
Will    .....                    f - +4 pair of boots "Veras" {Dex+3} Stlth
                                 (no amulet)
HPRegen 0.32/turn                e - ring of magical power
MPRegen 0.19/turn                (no ring)

@: no status effects
A: high MP 1, forlorn, divine attributes
a: no special abilities


You were on level 8 of the Dungeon.
You visited 1 branch of the dungeon, and saw 9 of its levels.

You collected 479 gold pieces.

Inventory:

Hand Weapons
 a - a +6 long sword (weapon)
Missiles
 k - a throwing net
Armour
 f - the +4 pair of boots "Veras" (worn) {Dex+3}
   (You acquired it on level 3 of the Dungeon)

   Dex:       It affects your dexterity (+3).
 g - the +7 Kryia's mail coat (worn) {PotionHeal*2 rC+}
   (You found it on level 3 of the Dungeon)

   PotionHeal*2: Potions heal its wearer twice as much.
   rC:        It protects you from cold.
 h - a +2 cloak (worn)
 s - a +1 helmet (worn)
Jewellery
 e - a ring of magical power (left hand)
 r - an amulet of guardian spirit
Wands
 d - a wand of digging (4)
 B - a wand of acid (9)
Scrolls
 b - 3 scrolls of vulnerability
 m - 3 scrolls of blinking
 n - a scroll of enchant armour
 p - a scroll of magic mapping
 v - a scroll of poison
Potions
 c - 3 potions of attraction
 i - 2 potions of curing {unknown}
 j - a potion of haste
 l - 2 potions of lignification
 o - a potion of mutation
 u - a potion of resistance
 w - a potion of brilliance
 x - 2 potions of invisibility {unknown}
 z - a potion of flight {unknown}


   Skills:
 - Level 5.8 Fighting
 - Level 8.6 Long Blades
 - Level 3.6 Armour
 - Level 1.0 Dodging
 - Level 2.1 Spellcasting
 - Level 3.0 Conjurations
 - Level 1.9 Translocations
 + Level 7.4 Air Magic
 - Level 1.0 Evocations


You had one spell level left.
You knew the following spells:

 Your Spells              Type           Power      Damage    Failure   Level
a - Shock                 Conj/Air       100%       1d9       4%          1
c - Swiftness             Air            38%        N/A       6%          3
g - Vhi's Electric Charg  Tloc/Air       50%        N/A       19%         3
t - Airstrike             Air            19%        2d(3-19)  19%         4

Your spell library contained the following spells:

 Spells                   Type           Power      Damage    Failure   Level
 Magic Dart               Conj           68%        1d6       12%         1
 Foxfire                  Conj/Fire      36%        2x1d5     22%         1
 Necrotise                Necr           8%         1d4       38%         1
 Mephitic Cloud           Conj/Pois/Air  19%        N/A       28%         3
 Teleport Other           Tloc           12%        N/A       47%         3
 Call Imp                 Summ           2%         N/A       52%         2
 Vampiric Draining        Necr           2%         2d6       77%         3
 Passage of Golubria      Tloc           12%        N/A       87%         4
 Fireball                 Conj/Fire      4%         3d4       99%         5
 Agony                    Necr           2%         N/A       100%        5
 Conjure Ball Lightning   Conj/Air       13%        3x3d6     100%        6
 Starburst                Conj/Fire      4%         6d4       100%        6


Dungeon Overview and Level Annotations

Branches:
Dungeon (9/15)             Temple (0/1) D:4
   Lair: D:8-11         Orc: D:9-12

Annotations:
D:8 Gastronok


Innate Abilities, Weirdness & Mutations

You have an increased reservoir of magic. (+10% MP)
You shall have no god before yourself.
Your divine heritage dramatically boosts your attributes as you level up.


Message History

You slash Gastronok!
Gastronok is moderately wounded.
Gastronok bubbles merrily.
You slash Gastronok!
Gastronok is heavily wounded.
You hit Gastronok but do no damage.
Gastronok is heavily wounded.
You slash Gastronok! You punch Gastronok, but do no damage.
Gastronok is heavily wounded.
Gastronok bites you!!
You hit Gastronok.
Gastronok is heavily wounded.
You hit Gastronok.
Gastronok is heavily wounded.
Gastronok bites you.
You hit Gastronok.
Gastronok is heavily wounded.
You slash Gastronok!
Gastronok is severely wounded.
Gastronok waves his eye-stalks in wide circles.
The air twists around and strikes you!
You slash Gastronok!
Gastronok is severely wounded.
You slash Gastronok!
Gastronok is severely wounded.
Gastronok bites you.
You hit Gastronok.
Gastronok is almost dead.
You slash Gastronok!
Gastronok is almost dead.
Gastronok waves his eye-stalks in wide circles.
The air twists around and strikes you!!
* * * LOW HITPOINT WARNING * * *
Okay, then.
You hit Gastronok but do no damage.
Gastronok is almost dead.
You hit Gastronok.
Gastronok is almost dead.
Gastronok bites you!
You die...

..§....≈.§....##...####.#[######.
.###.#.≈.##..###...####.#.# #.
.#...#...###.###...##...#.# #.
.#._.#.≈.# #.#.....##.#.#.# #.
.#.).#.≈.###...#...##.#.#.# #.
.#.###.≈..####'#......#.#.######.
.......≈................#........
≈≈§≈≈≈≈≈......)[w....############
...............>@..###
..#########....[<### .## #.....##
.# #.....# ## #.....# #.....#
#.....# #.....# #.....#


You could see Gastronok.

Vanquished Creatures
  3 cyclopes (D:7)
  A troll (D:7)
  A shadow (D:8)
  A steam dragon (D:7)
  A water moccasin (D:5)
  3 ice beasts
  4 orc warriors
  2 ogres (D:5)
  A black bear (D:6)
  A centaur (D:5)
  A phantom (D:5)
  3 bullfrogs
  3 scorpions
  7 wights
  4 howler monkeys
  5 hounds
  2 jellies
  5 iguanas
  3 orc priests
  2 orc wizards
  Natasha (D:1)
  3 gnolls (D:7)
  4 adders
  A white imp (D:8)
  3 ufetubi
  4 worms
  4 dart slugs
  17 orcs
  5 endoplasms
  2 giant cockroaches (D:2)
  10 goblins
  8 hobgoblins
  3 quokkas
  6 ball pythons
  7 bats
  A frilled lizard (D:1)
  3 kobolds (D:1)
  6 rats
141 creatures vanquished.

Notes
Turn   | Place    | Note
-------+----------+-------------------------------------------
     0 | D:1      | Shard1697 the Demigod Wanderer began the quest for the Orb.
     0 | D:1      | Shard1697 set off with the following items: a +0 club, a
                  | scroll of vulnerability, a potion of attraction, a +2 scale
                  | mail; and the following spell memorised: Shock; and the
                  | following spells available to memorise: Vhi's Electric
                  | Charge.
     0 | D:1      | Reached XP level 1. HP: 17/17 MP: 4/4
   216 | D:1      | Reached XP level 2. HP: 18/24 MP: 0/6
   337 | D:1      | Reached skill level 1 in Conjurations
   895 | D:2      | Noticed Natasha
   909 | D:1      | Reached XP level 3. HP: 29/29 MP: 0/7
   913 | D:1      | Killed Natasha
  1138 | D:2      | Learned a level 3 spell: Vhi's Electric Charge
  1405 | D:2      | Reached XP level 4. HP: 17/36 MP: 5/9
  2010 | D:3      | Identified a scroll of acquirement
  2010 | D:3      | Acquired the +4 pair of boots "Veras" {Dex+3}
  2259 | D:3      | Found the +7 Kryia's mail coat {PotionHeal*2 rC+}
  2290 | D:3      | Reached XP level 5. HP: 37/41 MP: 2/10
  2999 | D:4      | Found a staircase to the Ecumenical Temple.
  3084 | D:5      | Entered Level 5 of the Dungeon
  3170 | D:5      | Reached XP level 6. HP: 41/50 MP: 12/12
  3257 | D:5      | Got the Exposition on Warped Breath
  3369 | D:5      | Noticed a water moccasin
  3384 | D:5      | Killed a water moccasin
  3634 | D:5      | Reached XP level 7. HP: 40/58 MP: 13/13
  3885 | D:5      | Reached skill level 5 in Air Magic
  4060 | D:5      | Reached skill level 1 in Translocations
  4518 | D:6      | Reached skill level 1 in Long Blades
  4576 | D:6      | Reached skill level 2 in Long Blades
  4576 | D:6      | Reached XP level 8. HP: 67/67 MP: 14/14
  4765 | D:6      | Reached skill level 3 in Long Blades
  5028 | D:7      | Reached skill level 4 in Long Blades
  5052 | D:7      | Noticed a troll
  5067 | D:7      | Killed a troll
  5068 | D:7      | Reached skill level 5 in Long Blades
  5162 | D:7      | Noticed a cyclops
  5196 | D:7      | Killed a cyclops
  5197 | D:7      | Reached skill level 6 in Long Blades
  5283 | D:7      | Noticed a cyclops
  5289 | D:7      | Killed a cyclops
  5290 | D:7      | Reached skill level 7 in Long Blades
  5290 | D:7      | Reached XP level 9. HP: 73/73 MP: 15/15
  5307 | D:7      | Noticed a cyclops
  5316 | D:7      | Killed a cyclops
  5317 | D:7      | Reached skill level 8 in Long Blades
  5453 | D:7      | Reached skill level 5 in Fighting
  6276 | D:7      | Learned a level 4 spell: Airstrike
  6451 | D:7      | Learned a level 3 spell: Swiftness
  6810 | D:8      | Noticed Gastronok
  7720 | D:8      | Slain by Gastronok

Illustrated notes

Levels and vault maps discovered:
D:1:      amcnicky_arrival_choice, layout_rooms
D:2:      layout_loops_cross, uniq_natasha
D:3:      layout_loops_cross
D:4:      layout_rooms, nicolae_temple_entry_ecumenical
D:5:      lemuel_ice_spiral_2, layout_rooms, st_stairs_6
D:6:      layout_basic, nicolae_vehumet_radiance,
          nicolae_overflow_two_pavilions, minmay_crystal_water
D:7:      wander_river, layout_cave_pools, mainiacjoe_overflow_catwalk_spiral,
          lemuel_tele_altar, kb_rosetta
D:8:      layout_basic, mainiacjoe_overflow_brackets, uniq_gastronok
D:9:      layout_basic, serial_shops, nicolae_shop_advertising_works
          [nicolae_subvault_shop_adworks], nicolae_titane

Skill      XL: |  1  2  3  4  5  6  7  8  9 |
---------------+----------------------------+-----
Conjurations   | 1 2 3 |  3.0
Air Magic      | 2 3 4 5 7 |  7.4
Spellcasting   | 2 |  2.1
Fighting       | 2 3 4 5 |  5.8
Translocations | 1 |  1.9
Long Blades    | 2 7 8 |  8.6
Armour         | |  3.6
Dodging        | |  1.0
Evocations     | |  1.0

Action                     |  1- 3 |  4- 6 |  7- 9 || total
---------------------------+-------+-------+-------++-------
  Melee: Spear             |    98 |    44 |       ||   142
         Club              |     5 |       |       ||     5
         Punch             |     1 |       |     8 ||     9
         Flail             |       |   106 |    26 ||   132
         Long sword        |       |       |   274 ||   274
   Cast: Shock             |    38 |    43 |    18 ||    99
         Airstrike         |       |       |     4 ||     4
  Evoke: Wand              |       |       |     1 ||     1
    Use: Potion            |     1 |       |     5 ||     6
         Scroll            |       |     7 |     8 ||    15
 Armour: Leather armour    |    60 |       |       ||    60
         Scale mail        |    12 |   149 |   213 ||   374
         Skin              |       |       |    60 ||    60
  Dodge: Dodged            |    76 |   102 |   191 ||   369

Table legend: (Time is in decaauts)
 A = Elapsed time spent in this place.
 B = Non-inter-level travel time spent in this place.
 C = Inter-level travel time spent in this place.
 D = Time resting spent in this place.
 E = Time spent auto-exploring this place.
 F = Levels seen in this place.
 G = Mean time per level.
                   A        B        C        D        E       F      G
               +--------+--------+--------+--------+--------+-----+--------+
         Total |   7816 |   7650 |    166 |   1736 |   4127 |   9 |  868.4 |
       Dungeon |   7816 |   7650 |    166 |   1736 |   4127 |   9 |  868.4 |
               +--------+--------+--------+--------+--------+-----+--------+

Top non-repeatable levels by time:
     D:7: 1693 daAuts
     D:5: 1145 daAuts
     D:8: 995 daAuts
     D:1: 980 daAuts
     D:3: 975 daAuts
     D:6: 832 daAuts
     D:2: 613 daAuts
     D:4: 548 daAuts
     D:9: 31 daAuts
